 Dungeon Crawl Stone Soup version 0.31-a0-1074-g0b22e4e0f1 (webtiles) character file.

Game seed: 8652350316299670947

116 timneilson the Changeling (level 5, -3/34 HPs)
             Began as an Octopode Shapeshifter on Nov 29, 2023.
             Slain by a gnoll
             ... wielding a +0 spear
              (8 damage)
             ... on level 3 of the Dungeon.
             The game lasted 00:03:44 (2035 turns).

timneilson the Changeling (Octopode Shapeshifter)   Turns: 2035, Time: 00:03:45

Health: -3/34      AC:  1    Str: 16    XL:     5   Next: 0%
Magic:  5/5        EV: 13    Int: 12    God:
Gold:   70         SH:  0    Dex: 11    Spells: 4/4 levels left

rFire   . .          .
                       - Unarmed
rCold   . . .        (no shield)
rNeg    . . .        (helmet currently unavailable)
rPois   .            (no amulet)
rElec   .            (no ring)
rCorr   .            (no ring)
SInv    .            (no ring)
Will    .....        (no ring)
Stlth   +++          (no ring)
HPRegen 0.25/turn    (no ring)
MPRegen 0.09/turn    (no ring)
                     (no ring)

%: no passive effects
@: beast-form
A: beast (slay +2), almost no armour, amphibious, 8 rings, camouflage 1,
gelatinous body 1, (nimble swimmer 1), tentacles
a: Begin Untransformation


You were on level 3 of the Dungeon.
You were a hulking beast.
You visited 1 branch of the dungeon, and saw 3 of its levels.

You collected 70 gold pieces.

Inventory:

Talismans
 b - a beast talisman
 c - a flux talisman
Wands
 k - a wand of polymorph (14)
Scrolls
 h - a scroll of teleportation
 j - a scroll of poison
Potions
 a - 3 potions of lignification
 d - 2 potions of resistance {unknown}
 e - a potion of brilliance {unknown}
 f - a potion of enlightenment {unknown}
 g - 2 potions of heal wounds {unknown}
 i - a potion of curing {unknown}


   Skills:
 * Level 2.1 Fighting
 * Level 3.0 Dodging
 + Level 2.0 Stealth
 * Level 3.5 Unarmed Combat
 + Level 0.2 Evocations
 * Level 3.6 Shapeshifting


You had 4 spell levels left.
You didn't know any spells.
Your spell library contained the following spells:

 Spells                   Type           Power      Damage    Failure   Level
 Hailstorm                Conj/Ice       0%         3d3       69%         3
 Summon Ice Beast         Ice/Summ       0%         N/A       97%         4
 Simulacrum               Ice/Necr       0%         N/A       100%        6


Dungeon Overview and Level Annotations

Branches:
Dungeon (3/15)

Altars:

Shops:
D:2 !   D:3 *


Innate Abilities, Weirdness & Mutations

You are a hulking beast.
Your limbs bulge with bestial killing power. (Slay +2)
You cannot wear most types of armour.
You are amphibious.
You can wear up to eight rings at the same time.
Your skin changes colour to match your surroundings (Stealth+).
Your rubbery body absorbs attacks. (AC +1, EV +1)
((You are camouflaged when in or above water. (Stealth+)))
You have tentacles for arms and can constrict up to eight enemies at once.


Message History

The orc is almost dead.
You hear a shout!
A gnoll comes into view. It is wielding a +0 spear.
The orc barely misses you.
An orc comes into view. It is wielding a +0 club.
The orc shouts!
You tentacle-slap the orc.
You kill the orc!
The gnoll closely misses you.
You have reached level 5!
You feel stronger. The gnoll attacks as it pursues you!
The gnoll hits you from afar with a +0 spear!
A rat comes into view.
The gnoll attacks as it pursues you!
The gnoll hits you from afar with a +0 spear!
The rat bites you. The gnoll attacks as it pursues you!
The gnoll closely misses you. The rat bites you but does no damage.
The rat closely misses you. The gnoll attacks as it pursues you!
The gnoll closely misses you. The rat attacks as it pursues you!
The rat closely misses you. The rat attacks as it pursues you!
The rat barely misses you. The gnoll attacks as it pursues you!
The gnoll hits you from afar with a +0 spear.
* * * LOW HITPOINT WARNING * * *
The gnoll attacks as it pursues you! The gnoll closely misses you.
You closely miss the rat. You grab the rat. Your squeeze misses the rat.
You constrict the rat. The rat misses you.
You tentacle-slap the rat but do no damage.
The rat is moderately wounded.
You constrict the rat, but do no damage.
The gnoll hits you from afar with a +0 spear.
* * * LOW HITPOINT WARNING * * *
The rat closely misses you.
You tentacle-slap the rat but do no damage.
You squeeze the rat.
You kill the rat!
The gnoll hits you from afar with a +0 spear!
You die...

#..# #.# #.## #[#
#.# #.# #.# #.#
#.# #.# #.# #.#
#.# #<# #.#
##.#### #h#
#.....† #.#
#..#### #g# #..#
####g# #..#
#...g# #.##
#######.#o.####
#.
###...........#
#.
#÷######.####.###
#. . #.####....
..


You could see 3 gnolls and an orc.

Vanquished Creatures
  Terence (D:3)
  An adder (D:3)
  A worm (D:2)
  A dart slug (D:2)
  7 orcs (D:3)
  5 ball pythons
  7 bats
  6 endoplasms
  4 goblins
  8 hobgoblins
  7 jackals
  5 quokkas
  5 frilled lizards
  A kobold (D:1)
  4 rats
63 creatures vanquished.

Notes
Turn   | Place    | Note
-------+----------+-------------------------------------------
     0 | D:1      | timneilson the Octopode Shapeshifter began the quest for
                  | the Orb.
     0 | D:1      | Reached XP level 1. HP: 13/13 MP: 1/1
   150 | D:1      | Reached XP level 2. HP: 13/18 MP: 2/2
   401 | D:1      | Reached XP level 3. HP: 11/23 MP: 3/3
   728 | D:1      | Reached skill level 1 in Stealth
  1146 | D:2      | Found Logax's Distillery.
  1212 | D:2      | Reached XP level 4. HP: 26/29 MP: 4/4
  1755 | D:3      | Noticed Terence
  1767 | D:3      | Killed Terence
  1771 | D:3      | HP: 1/29 [hobgoblin (5)]
  1936 | D:3      | Found Lamayl's Assorted Antiques.
  2022 | D:3      | Reached XP level 5. HP: 28/34 MP: 5/5
  2035 | D:3      | Slain by a gnoll

Illustrated notes

Levels and vault maps discovered:
D:1:      minmay_arrival_shattered_statue, layout_loops_ring
D:2:      layout_basic, serial_shops, shop
D:3:      layout_loops_ring, serial_shops, shop, nicolae_shop_gibbet_a_chance,
          uniq_grinder, uniq_ijyb, uniq_natasha, uniq_terence

Skill      XL: |  1  2  3  4 |
---------------+-------------+-----
Stealth        | 1 2 |  2.0
Fighting       | 2 |  2.1
Dodging        | 3 |  3.0
Unarmed Combat | |  3.5
Evocations     | |  0.2
Shapeshifting  | |  3.6

Action                     |  1- 3 |  4- 6 || total
---------------------------+-------+-------++-------
  Melee: Unarmed           |    94 |    38 ||   132
         Constrict         |    27 |    12 ||    39
         Tentacles         |    18 |    11 ||    29
         Punch             |     2 |     1 ||     3
    Use: Scroll            |     2 |     2 ||     4
   Stab: Sleeping          |     7 |     1 ||     8
         Distracted        |       |     1 ||     1
 Armour: Skin              |    46 |    16 ||    62
  Dodge: Dodged            |    63 |    27 ||    90

Table legend: (Time is in decaauts)
 A = Elapsed time spent in this place.
 B = Non-inter-level travel time spent in this place.
 C = Inter-level travel time spent in this place.
 D = Time resting spent in this place.
 E = Time spent auto-exploring this place.
 F = Levels seen in this place.
 G = Mean time per level.
                   A        B        C        D        E       F      G
               +--------+--------+--------+--------+--------+-----+--------+
         Total |   2027 |   1976 |     51 |    209 |   1298 |   3 |  675.7 |
       Dungeon |   2027 |   1976 |     51 |    209 |   1298 |   3 |  675.7 |
               +--------+--------+--------+--------+--------+-----+--------+

Top non-repeatable levels by time:
     D:2: 851 daAuts
     D:1: 793 daAuts
     D:3: 382 daAuts
